 Dungeon Sprint DCSS version 0.26-a0-712-ga5a9c9c9d0 (webtiles) character file.

Game seed: 8421843310788434696

73863 mhtbhm the Executioner (level 15, -24/168 HPs)
             Began as a Minotaur Fighter on Oct 31, 2020.
             Was the Champion of Trog.
             Annihilated by Yhinydgh the pandemonium lord (36 damage)
             ... in the Dungeon (Sprint VII: "The Pits").
             The game lasted 00:11:16 (5717 turns).

mhtbhm the Executioner (Minotaur Fighter)           Turns: 5717, Time: 00:11:17

Health: -24/168    AC:  0    Str: 26    XL:     15   Next: 5%
Magic:  14/14      EV: 16    Int:  5    God:    Trog [******]
Gold:   93         SH:  0    Dex: 11    Spells: 14/14 levels left

rFire    . . .     SeeInvis .   (weapon currently unavailable)
rCold    . . .     Faith    .   (shield currently unavailable)
rNeg     . . .     Spirit   .   (armour currently unavailable)
rPois    .         Reflect  .   (helmet currently unavailable)
rElec    .         Harm     .   (cloak currently unavailable)
rCorr    .         Rampage  .   (gloves currently unavailable)
MR       +....     NoTele   +   (boots currently unavailable)
Stlth    ++........             y - amulet of regeneration
HPRegen  0.78/turn              (ring currently unavailable)
MPRegen  0.14/turn              (ring currently unavailable)

@: pig-form, berserk cooldown, slowed
A: small, (retaliatory headbutt), evolution 1
a: Berserk, Trog's Hand, Brothers in Arms, Renounce Religion


You were in the Dungeon.
You worshipped Trog.
Trog was exalted by your worship.
You were a filthy swine.
You visited 1 branch You collected 93 gold pieces.

Inventory:

Hand Weapons
 a - a +5 broad axe of flaming (melded)
 z - the +5 hand axe of Feihager {holy, rN++ Str+3}
   (You found it in the Dungeon)

   It has been blessed by the Shining One to cause great damage to the undead
   and demons.
   It affects your strength (+3).
   It greatly protects you from negative energy.
Missiles
 q - 16 javelins (quivered)
 v - 5 atropa-tipped darts
Armour
 b - a +3 plate armour (melded)
 c - a +0 kite shield (melded)
 A - +0 pearl dragon scales
Jewellery
 n - a +3 ring of strength (melded)
 o - a +3 ring of evasion (melded)
 u - an uncursed ring of protection from fire
 x - an uncursed ring of protection from magic
 y - an amulet of regeneration (around neck)
Scrolls
 j - 2 scrolls of blinking
 l - 4 scrolls of remove curse
 m - a scroll of summoning
 r - 3 scrolls of fog
 s - 2 scrolls of enchant weapon
 t - 5 scrolls of enchant armour
Potions
 d - 2 potions of might
 e - 8 potions of curing
 f - 7 potions of heal wounds
 g - 2 potions of haste
 h - 5 potions of magic
 i - 6 potions of berserk rage
 k - 2 potions of invisibility
 p - 3 potions of mutation
 w - a potion of stabbing


   Skills:
 + Level 24.7 Fighting
 + Level 25.3 Axes
 + Level 8.6 Throwing
 + Level 21.8 Armour
 + Level 5.3 Dodging
 + Level 3.9 Stealth
 + Level 21.7 Shields


You had 14 spell levels left.
You didn't know any spells.
Your spell library was empty.

Dungeon Overview and Level Annotations

Branches:
Dungeon (1/1)

Altars:
Ashenzari
Cheibriados
Dithmenos
Elyvilon
Fedhas
Gozag
Hepliaklqana
Kikubaaqudgha
Makhleb
Nemelex Xobeh
Okawaru
Qazlal
Ru
Sif Muna
Trog
Uskayaw
Vehumet
Wu Jian
Xom
Yredelemnul
Zin
The Shining One
Beogh
Jiyva
Lugonu


Innate Abilities, Weirdness & Mutations

((You reflexively headbutt those who attack you in melee.))
((You have a pair of horns on your head.))
((You are partially covered in icy blue scales. (AC +2)))
((You are partially covered in molten scales. (AC +2)))
((You are resistant to electric shocks. (rElec)))
You evolve.


Message History

Unknown command.
You feel much better. Yhinydgh hits you!!
* * * LOW HITPOINT WARNING * * *
You block Yhinydgh's attack.
Your cyclops hits Yhinydgh!! Yhinydgh gestures at you.
You turn into a filthy swine.
Your +5 broad axe of flaming melds into your body.
Your +0 kite shield melds into your body.
Your +3 plate armour melds into your body.
Your +3 ring of strength melds into your body.
Your +3 ring of evasion melds into your body.
Your +5 broad axe of flaming stops flaming.
You feel weaker.
You feel much better. Yhinydgh gestures at you. The bolt of energy hits you!!
* * * LOW HITPOINT WARNING * * *
Your cyclops hits Yhinydgh but does no damage.
Yhinydgh hits you!!!
You die...

#### #.[# ## ###.
#+.##+.'# #...#...#
#+# ### ###.†##.##
##C###.###.###.'##.
#.h&p{.))...'...##)
##.###.###.###.##.#
### ### ### #####
++##### ......#
......# ...#..#
......# ......#


You could see Yhinydgh, a hell knight (soul bound) and a friendly cyclops
(summoned, berserk).

Vanquished Creatures
  An ancient lich (D)
  Mara (D)
  2 greater mummies (D)
  A golden dragon (D)
  A pearl dragon (D)
  A Brimstone Fiend (D)
  3 titans (D)
  An Executioner (D)
  A ghost moth (D)
  A draconian scorcher (D)
  A spriggan defender (D)
  A stone giant (D)
  A green draconian (D)
  An apis (D)
  A minotaur (D)
  A blizzard demon (D)
  A deep elf high priest (D)
  A green death (D)
  An ice dragon (D)
  An alligator (D)
  2 hydras (D)
  An alligator snapping turtle (D)
  A death yak (D)
  5 hell knights (D)
  2 shadow wraiths (D)
  6 skeletal warriors (D)
  A spriggan druid (D)
  An unseen horror (D)
  2 necromancers (D)
  A deep elf mage (D)
  A wizard (D)
  A phantasmal warrior (D)
  2 orc knights (D)
  An elephant (D)
  A rust devil (D)
  A komodo dragon (D)
  An ice devil (D)
  A hellwing (D)
  2 demonic crawlers (D)
  2 tyrant leeches (D)
  13 dream sheep (D)
  A bog body (D)
  A flying skull (D)
  A spriggan (D)
  An air elemental (D)
  A shadow (D)
  3 tarantellas (D)
  A water elemental (D)
  A chaos spawn (D)
  3 wargs (D)
  4 vampire mosquitoes (D)
  A small abomination (D)
  A water moccasin (D)
  2 acid dragons (D)
  A floating eye (D)
  An eye of draining (D)
  A phantom (D)
  3 wolves (D)
  3 ogres (D)
  A bullfrog (D)
  Blork the orc (D)
  3 wights (D)
  A hound (D)
  3 orc priests (D)
  An iron imp (D)
  2 hell rats (D)
  A worker ant (D)
  2 mummies (D)
  A river rat (D)
  An adder (D)
  2 oozes (D)
  A worm (D)
  11 orcs (D)
  2 giant cockroaches (D)
  A goblin (D)
  5 jackals (D)
  2 quokkas (D)
  A kobold (D)
  A rat (D)
144 creatures vanquished.

Vanquished Creatures (collateral kills)
  A ghost moth (D)
  Erolcha (D)
  A skeletal warrior (D)
  A wolf spider (D)
  A molten gargoyle (D)
  2 cane toads (D)
  An ice devil (D)
  A blink frog (shapeshifter) (D)
  A ynoxinul (D)
  An air elemental (D)
  A wraith (D)
  A chaos spawn (D)
  A warg (D)
  2 orc warriors (D)
  A centaur (D)
  A big kobold (D)
  An earth elemental (D)
  An orc priest (D)
20 creatures vanquished.

Vanquished Creatures (others)
  A pandemonium lord (D)
  A yellow draconian (D)
  2 hell knights (D)
4 creatures vanquished.

Grand Total: 168 creatures vanquished

Notes
Turn   | Place    | Note
-------+----------+-------------------------------------------
     0 | D        | mhtbhm the Minotaur Fighter began the quest for the Orb.
     0 | D        | Reached XP level 1. HP: 19/19 MP: 0/0
    20 | D        | Found a bloodstained altar of Trog.
    20 | D        | Found a shimmering blue altar of Sif Muna.
    20 | D        | Found a viscous altar of Jiyva.
    20 | D        | Found a hazy altar of Hepliaklqana.
    20 | D        | Found an opulent altar of Gozag.
    21 | D        | Found a glowing golden altar of the Shining One.
    21 | D        | Found a glowing silver altar of Zin.
    21 | D        | Found a basalt altar of Yredelemnul.
    21 | D        | Found a shimmering altar of Xom.
    21 | D        | Found an ornate altar of the Wu Jian Council.
    21 | D        | Found a sacrificial altar of Ru.
    21 | D        | Found a stormy altar of Qazlal.
    21 | D        | Found an iron altar of Okawaru.
    21 | D        | Found a sparkling altar of Nemelex Xobeh.
    21 | D        | Found a burning altar of Makhleb.
    21 | D        | Found a blossoming altar of Fedhas.
    21 | D        | Found a white marble altar of Elyvilon.
    21 | D        | Found a shadowy altar of Dithmenos.
    21 | D        | Found a snail-covered altar of Cheibriados.
    23 | D        | Found a radiant altar of Vehumet.
    23 | D        | Found a corrupted altar of Lugonu.
    23 | D        | Found a roughly hewn altar of Beogh.
    25 | D        | Found an ancient bone altar of Kikubaaqudgha.
    25 | D        | Found a hide-covered altar of Uskayaw.
    25 | D        | Found a broken altar of Ashenzari.
    35 | D        | Became a worshipper of Trog the Wrathful
    83 | D        | Noticed a floating eye
    83 | D        | Noticed a worker ant
    86 | D        | Killed a floating eye
    86 | D        | Reached skill level 4 in Axes
    86 | D        | Reached XP level 2. HP: 31/31 MP: 1/1
    86 | D        | Reached XP level 3. HP: 38/38 MP: 2/2
    86 | D        | Reached XP level 4. HP: 45/45 MP: 3/3
   234 | D        | Reached * piety under Trog
   257 | D        | Reached ** piety under Trog
   260 | D        | Reached *** piety under Trog
   331 | D        | Noticed Blork the orc
   332 | D        | Reached XP level 5. HP: 52/52 MP: 4/4
   338 | D        | Reached **** piety under Trog
   338 | D        | Reached skill level 5 in Axes
   342 | D        | Killed Blork the orc
   342 | D        | Reached skill level 6 in Axes
   343 | D        | Reached ***** piety under Trog
   379 | D        | Reached skill level 7 in Axes
   382 | D        | Noticed a hellwing
   401 | D        | Killed a hellwing
   401 | D        | Reached skill level 9 in Axes
   401 | D        | Reached XP level 6. HP: 31/66 MP: 5/5
   605 | D        | Noticed a warg
   605 | D        | Noticed a flying skull
   607 | D        | Reached XP level 7. HP: 71/71 MP: 6/6
   612 | D        | Killed a flying skull
   612 | D        | Reached skill level 10 in Fighting
   612 | D        | Reached skill level 10 in Axes
   612 | D        | Reached skill level 10 in Shields
   618 | D        | Reached skill level 11 in Axes
   618 | D        | Reached skill level 10 in Armour
   762 | D        | Noticed a five-headed hydra
   762 | D        | Noticed a demonic crawler
   774 | D        | Killed a demonic crawler
   774 | D        | Reached skill level 12 in Axes
   774 | D        | Reached XP level 8. HP: 81/81 MP: 7/7
   778 | D        | Killed an eight-headed hydra
   778 | D        | Reached ****** piety under Trog
   778 | D        | Reached skill level 13 in Axes
   778 | D        | Reached skill level 1 in Dodging
   781 | D        | Received a gift from Trog
   924 | D        | Noticed a komodo dragon
   932 | D        | Killed a komodo dragon
   932 | D        | Reached skill level 14 in Axes
   932 | D        | Reached XP level 9. HP: 90/90 MP: 8/8
  1012 | D        | Noticed a minotaur
  1025 | D        | Killed a minotaur
  1025 | D        | Reached skill level 15 in Axes
  1026 | D        | Reached skill level 16 in Axes
  1029 | D        | Reached XP level 10. HP: 44/100 MP: 9/9
  1032 | D        | Received a gift from Trog
  1299 | D        | Noticed an alligator snapping turtle
  1323 | D        | Killed an alligator snapping turtle
  1323 | D        | Reached skill level 17 in Axes
  1539 | D        | Noticed a skeletal warrior
  1540 | D        | Noticed a skeletal warrior
  1540 | D        | Noticed a skeletal warrior
  1541 | D        | Noticed a skeletal warrior
  1550 | D        | Killed a skeletal warrior
  1555 | D        | Killed a skeletal warrior
  1564 | D        | Killed a skeletal warrior
  1566 | D        | Killed a skeletal warrior
  1566 | D        | Received a gift from Trog
  1566 | D        | Reached skill level 18 in Axes
  1730 | D        | Noticed an alligator
  1738 | D        | Killed an alligator
  1738 | D        | Reached XP level 11. HP: 111/111 MP: 10/10
  1739 | D        | Received a gift from Trog
  2013 | D        | Noticed a phantasmal warrior
  2020 | D        | Received a gift from Trog
  2020 | D        | Reached skill level 15 in Armour
  2035 | D        | Killed a shadow wraith
  2035 | D        | Reached skill level 15 in Fighting
  2047 | D        | Killed a phantasmal warrior
  2129 | D        | Received a gift from Trog
  2153 | D        | Reached skill level 19 in Axes
  2159 | D        | Reached skill level 15 in Shields
  2165 | D        | Reached skill level 1 in Stealth
  2169 | D        | Received a gift from Trog
  2191 | D        | Killed a shadow wraith
  2367 | D        | Received a gift from Trog
  2445 | D        | Noticed a wizard
  2449 | D        | Killed a wizard
  2627 | D        | Killed an unseen horror
  2627 | D        | Received a gift from Trog
  2767 | D        | Gained mutation: You are partially covered in icy blue
                  | scales. (AC +2) [potion of mutation]
  2767 | D        | Gained mutation: You evolve. [potion of mutation]
  2767 | D        | Gained mutation: You are partially covered in molten
                  | scales. (AC +2) [potion of mutation]
  2774 | D        | Noticed a death yak
  2786 | D        | Received a gift from Trog
  2790 | D        | Reached skill level 20 in Axes
  2790 | D        | Reached XP level 12. HP: 125/125 MP: 11/11
  2791 | D        | Killed a death yak
  2791 | D        | Received a gift from Trog
  3063 | D        | Noticed a deep elf high priest
  3073 | D        | Received a gift from Trog
  3079 | D        | Killed a deep elf high priest
  3214 | D        | Gained mutation: You are resistant to electric shocks.
                  | (rElec) [evolution]
  3264 | D        | Noticed a titan
  3272 | D        | Killed a titan
  3408 | D        | Noticed a stone giant
  3412 | D        | Killed a stone giant
  3415 | D        | Noticed a greater mummy
  3423 | D        | Killed a greater mummy
  3423 | D        | Received a gift from Trog
  3423 | D        | Reached skill level 21 in Axes
  3623 | D        | Killed a ghost moth
  3699 | D        | Noticed a greater mummy
  3706 | D        | Noticed an emperor scorpion
  3706 | D        | Noticed an emperor scorpion
  3708 | D        | Killed a greater mummy
  3708 | D        | Reached skill level 22 in Axes
  3708 | D        | Reached XP level 13. HP: 140/140 MP: 12/12
  3842 | D        | Received a gift from Trog
  3850 | D        | Noticed a spriggan defender
  3851 | D        | Received a gift from Trog
  3856 | D        | Noticed Erolcha
  3859 | D        | Noticed an apis
  3874 | D        | Killed a spriggan defender
  3882 | D        | Killed an apis
  3882 | D        | Reached skill level 1 in Throwing
  3887 | D        | Received a gift from Trog
  3900 | D        | Killed a ghost moth
  3907 | D        | Received a gift from Trog
  3907 | D        | Killed Erolcha
  4104 | D        | Received a gift from Trog
  4123 | D        | Got the +5 hand axe of Feihager {holy, rN++ Str+3}
  4244 | D        | Noticed a yellow draconian
  4244 | D        | Noticed Emibbeju the pandemonium lord
  4276 | D        | Killed a yellow draconian
  4276 | D        | Killed Emibbeju the pandemonium lord
  4276 | D        | Reached skill level 23 in Axes
  4280 | D        | Received a gift from Trog
  4283 | D        | Reached skill level 5 in Throwing
  4376 | D        | Noticed an ancient lich
  4383 | D        | Killed an ancient lich
  4383 | D        | Reached XP level 14. HP: 130/155 MP: 13/13
  4530 | D        | Received a gift from Trog
  4533 | D        | Noticed a pearl dragon
  4545 | D        | Killed a pearl dragon
  4588 | D        | Noticed Mara
  4589 | D        | Noticed mhtbhm's illusion
  4609 | D        | Noticed mhtbhm's illusion
  4612 | D        | Killed Mara
  4612 | D        | Reached skill level 24 in Axes
  4690 | D        | Noticed a yellow draconian scorcher
  4692 | D        | Killed a yellow draconian scorcher
  4692 | D        | Reached skill level 5 in Dodging
  4694 | D        | Noticed a titan
  4701 | D        | Killed a titan
  4701 | D        | Received a gift from Trog
  4910 | D        | Noticed a Brimstone Fiend
  4924 | D        | Killed a Brimstone Fiend
  5222 | D        | Noticed a golden dragon
  5232 | D        | Killed a golden dragon
  5461 | D        | Noticed an Executioner
  5465 | D        | Killed an Executioner
  5515 | D        | Noticed a titan
  5522 | D        | Killed a titan
  5522 | D        | Reached skill level 25 in Axes
  5685 | D        | Reached XP level 15. HP: 168/168 MP: 14/14
  5702 | D        | Received a gift from Trog
  5707 | D        | Noticed Yhinydgh the pandemonium lord
  5710 | D        | HP: 8/168 [disintegration (40)]
  5710 | D        | HP: 1/168 [hell knight/nerve-wracking pain (7)]
  5717 | D        | Annihilated by Yhinydgh the pandemonium lord

Illustrated notes

Levels and vault maps discovered:
D:        pitsprint [storerooms_1, entrance_room_1, metal_vault_3, armoury_2,
          mini_pit_1, grid_room_1, main_hall_1, silver_pit, the_coven_1,
          the_vestibule_1, steel_vault_1, golden_pit, hallway_of_sentries,
          crystal_vault_2, iron_vault_4, final_vault]

Skill      XL: |  1  2  3  4  5  6  7  8  9 10 11 12 13 14 |
---------------+-------------------------------------------+-----
Fighting       | 6 7 9 10 11 12 14 17 20 22 24 | 24.7
Armour         | 6 7 9 10 11 12 14 16 17 20 21 | 21.8
Shields        | 6 7 9 10 11 13 14 16 18 20 21 | 21.7
Axes           | 4 9 12 14 16 18 20 22 23 25 | 25.3
Dodging        | 1 2 3 4 5 |  5.3
Stealth        | 1 3 |  3.9
Throwing       | 6 8 |  8.6

Action                   |  1- 3 |  4- 6 |  7- 9 | 10-12 | 13-15 || total
-------------------------+-------+-------+-------+-------+-------++-------
Melee: Hand axe          |     3 |    53 |    27 |       |       ||    83
       War axe           |     3 |       |    14 |   137 |       ||   154
       Headbutt          |     1 |    12 |     8 |    46 |    51 ||   118
       Broad axe         |       |       |       |    70 |   178 ||   248
Throw: Javelin           |       |       |       |       |    15 ||    15
Invok: Berserk           |       |     2 |     4 |    11 |     9 ||    26
       Brothers in Arms  |       |       |       |     2 |     7 ||     9
  Use: Potion            |       |       |       |     1 |     7 ||     8
       Scroll            |       |       |       |       |     1 ||     1
 Stab: Distracted        |       |       |       |     1 |       ||     1
Armor: Scale mail        |     2 |     2 |       |       |       ||     4
       Plate armour      |       |    17 |    16 |    63 |    83 ||   179
Dodge: Dodged            |       |    14 |     7 |    38 |    36 ||    95
Block: Kite shield       |     1 |    39 |    16 |    90 |    79 ||   225

Table legend: (Time is in decaauts)
 A = Elapsed time spent in this place.
 B = Non-inter-level travel time spent in this place.
 C = Inter-level travel time spent in this place.
 D = Time resting spent in this place.
 E = Time spent auto-exploring this place.
 F = Levels seen in this place.
 G = Mean time per level.
                   A        B        C        D        E       F      G
               +--------+--------+--------+--------+--------+-----+--------+
         Total |   5854 |   5854 |      0 |   4101 |      8 |   1 | 5854.0 |
       Dungeon |   5854 |   5854 |      0 |   4101 |      8 |   1 | 5854.0 |
               +--------+--------+--------+--------+--------+-----+--------+

Top non-repeatable levels by time:
       D: 5854 daAuts
